 Dungeon Crawl Stone Soup version 0.23-a0-78-gc252fe1 (console) character file.

9712 nht the Carver (level 11, 0/64 HPs)
             Began as a Demonspawn Assassin on Aug 10, 2018.
             Was an Elder of Ru.
             Slain by a komodo dragon (24 damage)
             ... on level 1 of the Lair of Beasts.
             The game lasted 00:21:24 (8688 turns).

nht the Carver (Demonspawn Assassin)                Turns: 8688, Time: 00:21:25

Health: 0/64       AC: 11    Str: 11    XL:     11   Next: 26%
Magic:  0/9        EV: 11    Int: 16    God:    Ru [****..]
Gold:   504        SH:  5    Dex: 15    Spells: 10/10 levels left

rFire    . . .     SeeInvis .   a - +0 long sword
rCold    + . .     Gourm    .   (no shield)
rNeg     . . .     Faith    .   r - +1 troll leather armour {Purgy}
rPois    .         Spirit   +   o - +2 hat
rElec    .         Reflect  +   c - +2 cloak
rCorr    .         Harm     .   n - +0 pair of gloves
MR       .....                  (no boots)
Stlth    ++........             v - +5 amulet of reflection
HPRegen  0.60/turn              J - ring of flight
MPRegen  0.22/turn              B - ring of protection from cold

@: lethally poisoned (0 -> -1)
A: talons 1, frail 1, low mp 1, spiny 1, magic shield, magic regeneration, hated
by all, no necromancy magic, no poison magic, no summoning magic, sturdy frame 2
a: Draw Out Power, Power Leap, Renounce Religion, Evoke Flight


You were on level 1 of the Lair of Beasts.
You worshipped Ru.
Ru was greatly pleased with you.
You were not hungry.

You visited 2 branches of the dungeon, and saw 10 of its levels.
You also visited: Sewer.

You collected 504 gold pieces.

Inventory:

Hand Weapons
 a - a +0 long sword (weapon)
 b - a +0 blowgun
 I - a +3 dagger of draining
Missiles
 e - 49 poisoned needles
 f - 2 curare-tipped needles
 k - 4 throwing nets
 u - 5 poisoned tomahawks (quivered)
 D - 5 tomahawks
 Q - 2 javelins of penetration
Armour
 c - a +2 cloak (worn)
 n - a +0 pair of gloves (worn)
 o - a +2 hat (worn)
 r - a +1 troll leather armour (worn) {Purgy}
 s - a +2 leather armour of fire resistance
 H - a +3 ring mail
Jewellery
 v - a +5 amulet of reflection (around neck)
 B - a ring of protection from cold (right hand)
 J - a ring of flight (left hand)
Wands
 d - a wand of polymorph (6)
 y - a wand of random effects (22)
Scrolls
 l - 10 scrolls of identify
 m - 6 scrolls of remove curse
 p - 3 scrolls of immolation
 q - 9 scrolls of enchant weapon
 A - 2 scrolls of teleportation
 E - 2 scrolls of blinking
 L - 4 scrolls of magic mapping
 O - a scroll of amnesia
Potions
 h - a potion of agility
 i - 4 potions of flight
 j - 6 potions of heal wounds
 t - 2 potions of mutation
 w - 8 potions of curing
 z - 2 potions of magic
 C - 2 potions of brilliance
 F - 2 potions of resistance
 G - a potion of invisibility
 R - a potion of lignification
Miscellaneous
 M - a crystal ball of energy
 N - a phial of floods (inert)
 P - a lightning rod (inert)
Comestibles
 g - 30 rations
 x - 4 chunks of flesh


   Skills:
 - Level 2.0 Fighting
 - Level 10.2(12.7) Short Blades
 + Level 12.4(13.7) Long Blades
 - Level 1.7 Throwing
 - Level 0.8 Dodging
 - Level 3.6 Stealth


You had 10 spell levels left.
You didn't know any spells.
Your spell library contained the following spells:

 Spells                   Type           Power        Failure   Level  Hunger
 Cause Fear               Hex            #.........   94%         4    #####..
 Slow                     Hex            #.......     36%         2    ###....
 Stone Arrow              Conj/Erth      #.....       58%         3    ####...
 Spider Form              Tmut/Pois      #.........   58%         3    ####...
 Blade Hands              Tmut           #.........   100%        5    ######.
 Ice Form                 Ice/Tmut       #.......     94%         4    #####..
 Passwall                 Tmut/Erth      #.......     36%         2    ###....
 Sticks to Snakes         Tmut           #.......     36%         2    ###....
 Corona                   Hex            #......      26%         1    ##.....
 Lee's Rapid Deconstruct  Erth           #.........   100%        5    ######.
 Sandblast                Erth           #.....       26%         1    ##.....
 Portal Projectile        Hex/Tloc       #.....       58%         3    ####...
 Petrify                  Tmut/Erth      #.......     94%         4    #####..
 Leda's Liquefaction      Hex/Erth       #.........   94%         4    #####..
 Inner Flame              Hex/Fire       #.......     58%         3    ####...
 Beastly Appendage        Tmut           #.....       26%         1    ##.....


Dungeon Overview and Level Annotations

Branches:
Dungeon (9/15)             Temple (0/1) D:7            Lair (1/6) D:8
    Orc: D:9-12

Altars:
Ashenzari
Elyvilon
Fedhas
Gozag
Hepliaklqana
Kikubaaqudgha
Nemelex Xobeh
Okawaru
Qazlal
Ru
Trog
Zin
The Shining One

Shops:
D:9 :


Innate Abilities, Weirdness & Mutations

You have sharp toenails.
You are frail. (-10% HP)
Your magical capacity is low. (-10% MP)
You are partially covered in sharp spines.
When hurt, damage is shared between your health and your magic reserves.
You regenerate magic rapidly.
You are hated by all.
You cannot study or cast Necromancy magic.
You cannot study or cast Poison magic.
You cannot study or cast Summoning magic.
Your movements are less encumbered by armour. (ER -4)


Message History

The komodo dragon bites you!!
You hit the komodo dragon.
You claw the komodo dragon, but do no damage.
The komodo dragon is lightly wounded.
You feel sick. The komodo dragon closely misses you.
You barely miss the komodo dragon. You claw the komodo dragon.
The komodo dragon is lightly wounded.
You hit the komodo dragon.
The komodo dragon is moderately wounded.
The komodo dragon bites you!
You focus your will and blind the komodo dragon in retribution!
You hit the komodo dragon.
The komodo dragon is moderately wounded.
The komodo dragon bites you!
You slash the komodo dragon!
The komodo dragon is heavily wounded.
You slash the komodo dragon!
The komodo dragon is severely wounded.
The komodo dragon bites you!!
You die...

██.. ██....█.██████...█ ██
██...██....█.....██..... .█..
█....+.................. ....█
██.....⌠.....⌠..>..⌠.....
.....██......................†.
█..█......██.█....██...██.....
█...........█...███..███.....
██...........██...██....█....█
█...........l@██...█.██....█.█
██...>.....████.██....⌠....████
█.P......███ ██..█.......██
.██........██ ██..██..⌠..██
.....█..█...█████.....██(███P
..............██.............
█............................
.................█..........(
................████.....██..


You could see a komodo dragon (blind).

Vanquished Creatures
  Harold (D:8)
  A centaur warrior (D:9)
  2 two-headed ogres (D:9)
  A centaur zombie (D:9)
  A rime drake (Lair:1)
  A komodo dragon (Lair:1)
  A troll (D:9)
  A merfolk (D:9)
  A yak (D:9)
  A wyvern (D:8)
  A steam dragon (D:8)
  3 hungry ghosts
  2 porcupines (Lair:1)
  5 water moccasins
  Purgy (Sewer)
  A sky beast (D:7)
  3 orc warriors
  2 ice beasts
  3 phantoms
  A black bear (D:9)
  6 ogres
  5 centaurs
  2 crocodiles
  A wyvern zombie (D:9)
  5 bullfrogs
  3 scorpions
  4 killer bees
  6 crimson imps
  A howler monkey (D:7)
  A bullfrog zombie (D:9)
  A bullfrog skeleton (D:7)
  5 hounds
  A jelly (D:9)
  2 orc priests
  3 orc wizards
  A centaur skeleton (D:9)
  2 iguanas
  Ijyb (D:3)
  8 worker ants
  A killer bee zombie (D:8)
  2 howler monkey skeletons
  17 adders
  2 river rats (D:3)
  2 oozes
  An adder skeleton (D:7)
  4 adder zombies
  3 worms
  3 dart slugs
  3 leopard geckos
  28 orcs
  5 giant cockroaches
  7 goblins
  6 hobgoblins
  19 jackals
  2 kobolds
  3 quokkas
  4 ball pythons
  4 bats
  6 frilled lizards
  A jackal skeleton (D:6)
  A leopard gecko skeleton (D:6)
  A quokka skeleton (D:4)
  A quokka zombie (D:8)
  9 rats
226 creatures vanquished.

Vanquished Creatures (others)
  A hydra (Lair:1)
  An orc wizard (D:9)
  A plant (Lair:1)
3 creatures vanquished.

Grand Total: 229 creatures vanquished

Notes
Turn   | Place    | Note
-------+----------+-------------------------------------------
     0 | D:1      | nht the Demonspawn Assassin began the quest for the Orb.
     0 | D:1      | Reached XP level 1. HP: 16/16 MP: 1/1
   233 | D:1      | Gained mutation: You are partially covered in sharp spines. [demonic ancestry]
   233 | D:1      | Reached XP level 2. HP: 14/22 MP: 2/2
   969 | D:1      | Gained mutation: When hurt, damage is shared between your health and your magic reserves. [demonic ancestry]
   969 | D:1      | Reached XP level 3. HP: 26/27 MP: 3/3
  1069 | D:2      | Found a sacrificial altar of Ru.
  1087 | D:2      | Became a worshipper of Ru the Awakened
  1195 | D:2      | Reached XP level 4. HP: 33/33 MP: 4/4
  1713 | D:3      | Found an ancient bone altar of Kikubaaqudgha.
  1715 | D:3      | Found a blossoming altar of Fedhas.
  1961 | D:3      | Noticed Ijyb
  1965 | D:3      | Killed Ijyb
  1965 | D:3      | Reached XP level 5. HP: 37/38 MP: 5/5
  2265 | D:3      | Gained mutation: You cannot study or cast Poison magic. [Ru sacrifice]
  2265 | D:3      | Gained mutation: You cannot study or cast Necromancy magic. [Ru sacrifice]
  2265 | D:3      | Gained mutation: You cannot study or cast Summoning magic. [Ru sacrifice]
  2265 | D:3      | Reached * piety under Ru
  2274 | D:3      | Reached skill level 5 in Short Blades
  2289 | D:3      | Found a glowing drain.
  2295 | Sewer    | Entered a sewer
  2310 | Sewer    | Noticed Purgy
  2326 | Sewer    | Killed Purgy
  2326 | Sewer    | Gained mutation: Your movements are slightly less encumbered by armour. (ER -2) [demonic ancestry]
  2326 | Sewer    | Reached XP level 6. HP: 44/44 MP: 6/6
  2789 | D:4      | Found an opulent altar of Gozag.
  2905 | D:4      | Found an iron altar of Okawaru.
  2919 | D:4      | Found a hazy altar of Hepliaklqana.
  2929 | D:4      | Noticed an orc warrior
  2948 | D:4      | Killed an orc warrior
  3009 | D:4      | Found a stormy altar of Qazlal.
  3148 | D:4      | Found a shattered altar of Ashenzari.
  3159 | D:4      | Reached XP level 7. HP: 50/50 MP: 7/7
  3204 | D:4      | Found a sparkling altar of Nemelex Xobeh.
  3625 | D:5      | Entered Level 5 of the Dungeon
  3843 | D:5      | You fall through a shaft for 3 floors!
  4091 | D:6      | Gained mutation: You regenerate magic rapidly. [demonic ancestry]
  4091 | D:6      | Reached XP level 8. HP: 56/56 MP: 8/8
  4213 | D:5      | Gained mutation: You are frail. (-10% HP) [Ru sacrifice]
  4213 | D:5      | Reached ** piety under Ru
  4213 | D:5      | Reached *** piety under Ru
  4582 | D:5      | Noticed a moth of wrath
  4584 | D:5      | Found a bloodstained altar of Trog.
  4916 | D:6      | Reached skill level 10 in Short Blades
  5216 | D:6      | Reached skill level 1 in Long Blades
  5234 | D:6      | Found a glowing golden altar of the Shining One.
  5234 | D:6      | Found a glowing silver altar of Zin.
  5235 | D:6      | Found a white marble altar of Elyvilon.
  5283 | D:6      | Reached skill level 2 in Long Blades
  5297 | D:6      | You fall through a shaft for 3 floors!
  5419 | D:9      | Found Woybe's Book Shop.
  5442 | D:9      | Reached skill level 3 in Long Blades
  5506 | D:9      | Noticed a troll
  5522 | D:9      | Killed a troll
  5522 | D:9      | Reached skill level 4 in Long Blades
  5522 | D:9      | Gained mutation: Your movements are less encumbered by armour. (ER -4) [demonic ancestry]
  5522 | D:9      | Reached XP level 9. HP: 48/54 MP: 9/9
  5635 | D:7      | Reached skill level 5 in Long Blades
  5658 | D:7      | Gained mutation: You are hated by all. [Ru sacrifice]
  5658 | D:7      | Reached **** piety under Ru
  5958 | D:7      | Reached skill level 6 in Long Blades
  6173 | D:7      | Found a staircase to the Ecumenical Temple.
  6435 | D:8      | Noticed Harold
  6450 | D:8      | Reached skill level 7 in Long Blades
  6804 | D:8      | Reached skill level 8 in Long Blades
  6931 | D:8      | Killed Harold
  6931 | D:8      | Reached skill level 9 in Long Blades
  6931 | D:8      | Reached XP level 10. HP: 55/60 MP: 8/10
  7024 | D:8      | Found a staircase to the Lair.
  7397 | D:9      | Noticed a centaur warrior
  7415 | D:9      | Killed a centaur warrior
  7415 | D:9      | Reached skill level 10 in Long Blades
  7428 | D:9      | Noticed a two-headed ogre
  7463 | D:9      | Noticed a two-headed ogre
  7472 | D:9      | Killed a two-headed ogre
  7598 | D:9      | Reached skill level 11 in Long Blades
  7609 | D:9      | Gained mutation: Your magical capacity is low. (-10% MP) [Ru sacrifice]
  7803 | D:9      | Killed a two-headed ogre
  7829 | D:9      | Gained mutation: You have sharp toenails. [demonic ancestry]
  7829 | D:9      | Reached XP level 11. HP: 62/64 MP: 8/9
  7927 | D:9      | Found a shattered altar of Ashenzari.
  8208 | Lair:1   | Entered Level 1 of the Lair of Beasts
  8375 | Lair:1   | Reached skill level 12 in Long Blades
  8623 | Lair:1   | Noticed a six-headed hydra
  8631 | Lair:1   | Killed a six-headed hydra
  8688 | Lair:1   | Slain by a komodo dragon

Vault maps used:
D:1:      minmay_arrival_hallway, roderic_serpentine_path, roderic_lattice_a
D:2:      nicolae_ru_sacrificial_ziggurat
D:3:      grunt_temple_overflow_growth_and_decay, gup_sewer_entry_bubbles,
          first_ration, uniq_ijyb
D:4:      nicolae_overflow_quartered_altars, nemelex_xobeh_ov_fountains_minmay,
          cheibrodos_ashenzari_chains
D:5:      tgw_trog
D:6:      good_gods_temple_1
D:7:      minmay_temple_entry_enclosed_plants
D:8:      lair_entry_dummy, uniq_harold
D:9:      minmay_imperfect_grid, kennysheep_mini, serial_shops, shop,
          hangedman_fish_farm
Lair:1:   eino_small_chamber_without_monster, grunt_megastairs_5,
          lemuel_fruit_tree, serial_bayou_shore_a
Sewer:    sewer_co_purgy_island

Skill      XL: |  1  2  3  4  5  6  7  8  9 10 11 |
---------------+----------------------------------+-----
Short Blades   | 2 3 4 5 7 8 10 | 10.2
Long Blades    | 4 9 11 12 | 12.4
Fighting       | |  2.0
Throwing       | |  1.7
Dodging        | |  0.8
Stealth        | |  3.6

Action                   |  1- 3 |  4- 6 |  7- 9 | 10-12 || total
-------------------------+-------+-------+-------+-------++-------
Melee: Dagger            |    74 |   149 |   158 |       ||   381
       Long sword        |       |       |   229 |   186 ||   415
       Kick              |       |       |       |    16 ||    16
 Fire: Blowgun           |       |     2 |     9 |       ||    11
Throw: Tomahawk          |       |       |       |     1 ||     1
Invok: Sacrifice Arcana  |       |     1 |       |       ||     1
       Sacrifice Health  |       |       |     1 |       ||     1
       Draw Out Power    |       |       |     1 |       ||     1
       Sacrifice Love    |       |       |     1 |       ||     1
       Sacrifice Essence |       |       |       |     1 ||     1
Evoke: Wand              |       |     3 |    26 |    15 ||    44
       Phial of floods   |       |       |       |     1 ||     1
       Lightning rod     |       |       |       |     4 ||     4
  Use: Scroll            |     3 |     8 |     9 |     4 ||    24
       Potion            |       |     1 |     1 |       ||     2
 Stab: Sleeping          |     6 |     6 |     8 |     2 ||    22
       Distracted        |       |     1 |       |     2 ||     3
       Invisible         |       |       |     2 |     1 ||     3
  Eat: Chunk             |     1 |     6 |    11 |     7 ||    25
       Ration            |       |       |     1 |     1 ||     2
Armor: Robe              |    12 |     9 |       |       ||    21
       Skin              |       |    21 |       |       ||    21
       Leather armour    |       |     6 |       |       ||     6
       Troll leather arm |       |    20 |    80 |    40 ||   140
Dodge: Dodged            |    36 |    45 |   130 |    55 ||   266
Block: Other             |       |    16 |    64 |    31 ||   111
       Reflection        |       |       |     1 |     1 ||     2
       Rpst.: Long sword |       |       |    41 |    15 ||    56

Table legend:
 A = Non-vault XP
 B = Vault XP
 C = Vault XP percentage of total XP
 D = Non-vault monster count
 E = Vault monster count
 F = Vault count percentage of total count
 G = Total turns spent on level
                 A         B        C        D         E       F
            +---------+---------+-------+---------+---------+-------
      Total |    8117 |    5758 |  41.5 |     186 |      42 |  18.4
            +---------+---------+-------+---------+---------+-------
        D:1 |      43 |       0 |   0.0 |      21 |       0 |   0.0
        D:2 |      65 |       0 |   0.0 |      15 |       0 |   0.0
        D:3 |      71 |      71 |  50.0 |      20 |       8 |  28.6
        D:4 |     543 |       0 |   0.0 |      32 |       0 |   0.0
        D:5 |     235 |      13 |   5.2 |       9 |       5 |  35.7
        D:6 |    1309 |       0 |   0.0 |      28 |       0 |   0.0
        D:7 |     917 |       0 |   0.0 |      17 |       0 |   0.0
        D:8 |    1805 |     987 |  35.4 |      19 |       1 |   5.0
        D:9 |    1077 |    4236 |  79.7 |      16 |      20 |  55.6
     Lair:1 |    2052 |     296 |  12.6 |       9 |       2 |  18.2
      Sewer |       0 |     155 | 100.0 |       0 |       6 | 100.0
            +---------+---------+-------+---------+---------+-------
